 Dungeon Crawl Stone Soup version 0.27-a0-1559-g299f9947c5 (webtiles) character file.

Game seed: 16864085786486615395

285 Morbidden the Shooter (level 6, 0/39 (47) HPs)
             Began as a Demonspawn Hunter on July 16, 2021.
             Killed by nerve-wracking pain
             ... invoked by an orc priest
              (3 damage)
             ... on level 4 of the Dungeon.
             The game lasted 00:03:45 (3417 turns).

Morbidden the Shooter (Demonspawn Hunter)           Turns: 3417, Time: 00:03:46

HP:   0/39 (47)     AC: 10    Str: 12      XL:     6   Next: 7%
MP:   8/8           EV: 11    Int: 13 (14) God:
Gold: 119           SH:  0    Dex: 14      Spells: 7/7 levels left

rFire    . . .     SeeInvis .   a - +1 shortbow
rCold    . . .     Faith    .   (shield currently unavailable)
rNeg     . . .     Spirit   .   f - +3 ring mail
rPois    .         Reflect  .   o - +1 helmet
rElec    .         Harm     .   (no cloak)
rCorr    .         Rampage  .   (no gloves)
Will     .....                  (no boots)
Stlth    +.........             (no amulet)
HPRegen  0.13/turn              (no ring)
MPRegen  0.11/turn              (no ring)

@: heavily drained
A: powered by pain 1, sturdy frame 1
a: no special abilities


You were on level 4 of the Dungeon.
You visited 1 branch of the dungeon, and saw 6 of its levels.

You collected 119 gold pieces.

Inventory:

Hand Weapons
 a - a +1 shortbow (weapon)
 b - a +0 short sword
Missiles
 d - 38 arrows (quivered ammo)
Armour
 f - a +3 ring mail (worn)
 o - a +1 helmet (worn)
Magical Staves
 g - a staff of conjuration
Jewellery
 c - a ring of magical power
 n - a +4 ring of protection
 s - an amulet of the acrobat
Scrolls
 h - a scroll of immolation {unknown}
 j - a scroll of brand weapon {unknown}
 k - a scroll of identify
 l - a scroll of teleportation {unknown}
 p - a scroll of amnesia {unknown}
 q - a scroll of magic mapping {unknown}
Potions
 i - a potion of brilliance
 m - a potion of curing
 r - a potion of cancellation


   Skills:
 * Level 3.1 Fighting
 + Level 5.5 Bows
 + Level 1.0 Armour
 * Level 2.4 Dodging
 + Level 0.9 Stealth
 * Level 1.4 Spellcasting


You had 7 spell levels left.
You didn't know any spells.
Your spell library contained the following spells:

 Spells                   Type           Power      Damage    Failure   Level
 Hailstorm                Conj/Ice       0%         3d3       99%         4
 Ice Form                 Ice/Tmut       0%         N/A       99%         4
 Simulacrum               Ice/Necr       0%         N/A       100%        6


Dungeon Overview and Level Annotations

Branches:
Dungeon (6/15)             Temple (0/1) D:6

Altars:

Annotations:
D:2 Sigmund


Innate Abilities, Weirdness & Mutations

You sometimes gain a little power by taking damage.
Your movements are slightly less encumbered by armour. (ER -2)


Message History

* * * LOW HITPOINT WARNING * * *
There is a stone staircase leading up here.
The scorpion stings you but does no damage.
The wight barely misses you. The wight closely misses you.
The wight hits you from afar with a +0 halberd.
* * * LOW HITPOINT WARNING * * *
You feel drained. The wight closely misses you.
You climb upwards.
There is a stone staircase leading down here.
Unknown command.
Unknown command.
Unknown command.
Unknown command.
Unknown command.
Unknown command.
It was a potion of cancellation.
You feel magically purged.
The scorpion stings you but does no damage.
The necrophage barely misses you.
The wight hits you but does no damage. x2
The wight hits you with a +5 hand axe.
* * * LOW HITPOINT WARNING * * *
You feel drained.
The scorpion stings you but does no damage.
Okay, then.
Blink to where?
Press: ? - help, Dir - move target
As you read the scroll of blinking, it crumbles to dust.
The wight hits you but does no damage.
You climb upwards.
There is a stone staircase leading down here.
Unknown command.
Unknown command.
Unknown command.
Unknown command.
The orc priest calls down the wrath of Beogh upon you.
Beogh smites you!
* * * LOW HITPOINT WARNING * * *
The orc priest grunts loudly.
The orc priest calls down the wrath of Beogh upon you.
Pain shoots through your body!
You die...

#....(# #.#### ####.## #..... #.#
###### ### ###.### ..# #.....# #
..#.. ..#.. #.# #...>.#### ##
.....##...# #.# #........# ##.
......##..# #.####........###..
....<.+...## #.@.............'..
..#.....#..####.####........###..
.###.o.###.oooo...##.####.#.# ##.
(. #..#.....###.##.######.# ## oo
##.....##o# #.##.##.....# ###
#(###o.###.##>###.##.##.###.###..
...o..## #o.......##.##.###...#.#
#..#### ####.######............#
#..# #.# ###..........#


You could see 2 orc priests and an orc wizard.

Vanquished Creatures
  Prince Ribbit (D:5)
  Jessica (D:2)
  An adder (D:3)
  An adder skeleton (D:4)
  A worm (D:3)
  A dart slug (D:3)
  4 ball pythons
  5 endoplasms
  2 giant cockroaches
  2 goblins
  5 hobgoblins
  7 jackals
  3 quokkas
  5 bats
  6 frilled lizards
  5 kobolds (D:1)
  5 rats (D:1)
55 creatures vanquished.

Notes
Turn   | Place    | Note
-------+----------+-------------------------------------------
     0 | D:1      | Morbidden the Demonspawn Hunter began the quest for the
                  | Orb.
     0 | D:1      | Reached XP level 1. HP: 16/16 MP: 1/1
   252 | D:1      | Reached skill level 4 in Bows
   253 | D:1      | Gained mutation: Your movements are slightly less
                  | encumbered by armour. (ER -2) [demonic ancestry]
   253 | D:1      | Reached XP level 2. HP: 14/22 MP: 2/2
   940 | D:1      | Found a faded altar of an unknown god.
  1120 | D:1      | Reached XP level 3. HP: 27/27 MP: 3/3
  1215 | D:2      | Noticed Jessica
  1217 | D:2      | Killed Jessica
  1254 | D:2      | Noticed Sigmund
  2003 | D:3      | Gained mutation: You sometimes gain a little power by
                  | taking damage. [demonic ancestry]
  2003 | D:3      | Reached XP level 4. HP: 21/34 MP: 4/4
  3110 | D:5      | Entered Level 5 of the Dungeon
  3110 | D:5      | Noticed Prince Ribbit
  3165 | D:5      | Killed Prince Ribbit
  3166 | D:5      | Reached skill level 5 in Bows
  3166 | D:5      | Reached skill level 1 in Armour
  3166 | D:5      | Reached skill level 1 in Spellcasting
  3166 | D:5      | Reached XP level 5. HP: 32/41 MP: 4/7
  3166 | D:5      | Reached XP level 6. HP: 37/47 MP: 4/8
  3346 | D:5      | You fall into a shaft and drop 1 floor!
  3385 | D:6      | Found a staircase to the Ecumenical Temple.
  3397 | D:6      | Noticed a gargoyle
  3417 | D:4      | Killed from afar by an orc priest

Illustrated notes

Levels and vault maps discovered:
D:1:      dpeg_arrival_fog, layout_loops_ring,
          dreamdust_ecumenical_altar_statues, minmay_pentomino_t4
D:2:      layout_basic, serial_park_tiny_pond, palyth_stone_intersect,
          minmay_misc_feat_rows, nrook_mini_vaults, uniq_jessica, uniq_sigmund
D:3:      layout_rooms, serial_forest, infiniplex_forest_lined_room_2,
          infiniplex_forest_lined_2, infiniplex_forest_3_way,
          infiniplex_forest_corner_1, infiniplex_forest_clump_long,
          infiniplex_forest_straight_1, infiniplex_forest_join,
          infiniplex_forest_end_2, infiniplex_forest_corner_1
D:4:      layout_loops_corners, serial_shops, shop, minmay_strange_pillars,
          minmay_diced_spiral
D:5:      layout_loops_ring, ebering_ghost_disaster_area, uniq_menkaure,
          uniq_eustachio, uniq_prince_ribbit1, uniq_blork_the_orc
D:6:      cheibrodos_steamvent, layout_cave_pools,
          minmay_temple_entry_mini_moons

Skill      XL: |  1  2  3  4 |
---------------+-------------+-----
Bows           | 4 5 |  5.5
Dodging        | 2 |  2.4
Fighting       | 3 |  3.1
Armour         | 1 |  1.0
Spellcasting   | 1 |  1.4
Stealth        | |  0.9

Action                   |  1- 3 |  4- 6 || total
-------------------------+-------+-------++-------
 Fire: Shortbow          |   128 |    82 ||   210
  Use: Potion            |     2 |     5 ||     7
       Scroll            |       |     2 ||     2
Armor: Leather armour    |    10 |       ||    10
       Ring mail         |    20 |    18 ||    38
Dodge: Dodged            |    54 |    32 ||    86

Table legend: (Time is in decaauts)
 A = Elapsed time spent in this place.
 B = Non-inter-level travel time spent in this place.
 C = Inter-level travel time spent in this place.
 D = Time resting spent in this place.
 E = Time spent auto-exploring this place.
 F = Levels seen in this place.
 G = Mean time per level.
                   A        B        C        D        E       F      G
               +--------+--------+--------+--------+--------+-----+--------+
         Total |   3434 |   3325 |    109 |    580 |   2213 |   6 |  572.3 |
       Dungeon |   3434 |   3325 |    109 |    580 |   2213 |   6 |  572.3 |
               +--------+--------+--------+--------+--------+-----+--------+

Top non-repeatable levels by time:
     D:1: 1539 daAuts
     D:3: 1053 daAuts
     D:2: 297 daAuts
     D:5: 242 daAuts
     D:4: 240 daAuts
     D:6: 61 daAuts
